 Dungeon Crawl Stone Soup version 0.28-a0-1524-ge72afd5fc6 (webtiles) character file.

Game seed: 12347839285090566899

9 knot the Chopper (level 2, 23/24 HPs)
             Began as a Demonspawn Berserker on Jan 18, 2022.
             Was a Follower of Trog.
             Quit the game on level 1 of the Dungeon.
             The game lasted 00:00:27 (595 turns).

knot the Chopper (Demonspawn Berserker)              Turns: 595, Time: 00:00:28

Health: 23/24      AC:  6    Str: 17    XL:     2   Next: 3%
Magic:  2/2        EV: 10    Int:  8    God:    Trog [*.....]
Gold:   15         SH:  0    Dex: 12    Spells: 1/1 levels left

rFire   . . .      SeeInvis .   a - +0 hand axe
rCold   . . .      Faith    .   (no shield)
rNeg    . . .      Spirit   .   e - +0 scale mail
rPois   .          Reflect  .   (no helmet)
rElec   .          Harm     .   (no cloak)
rCorr   .          Rampage  .   (no gloves)
Will    .....                   (no boots)
Stlth   ..........              (no amulet)
HPRegen 0.08/turn               (no ring)
MPRegen 0.08/turn               (no ring)

@: no status effects
A: demonic guardian 1
a: Renounce Religion, Berserk


You were on level 1 of the Dungeon.
You worshipped Trog.
Trog was aware of your devotion.
You visited 1 branch of the dungeon, and saw 1 of its levels.

You collected 15 gold pieces.

Inventory:

Hand Weapons
 a - a +0 hand axe (weapon)
Missiles
 c - a throwing net (quivered)
Armour
 e - a +0 scale mail (worn)
Potions
 b - a potion of degeneration {unknown}
 d - 3 potions of mutation {unknown}


   Skills:
 - Level 3.0 Fighting
 + Level 3.2 Axes
 - Level 1.7 Armour
 - Level 1.7 Dodging


You had one spell level left.
You didn't know any spells.
Your spell library was empty.

Dungeon Overview and Level Annotations

Branches:
Dungeon (1/15)

Altars:


Innate Abilities, Weirdness & Mutations

A weak demonic guardian rushes to your aid.


Message History

You see here a +0 scale mail.
You start resting.
HP restored.
e - a +0 scale mail You start removing your armour.
You continue taking off your +0 animal skin. x4
You finish taking off your +0 animal skin.
You start putting on your armour.
You continue putting on your +0 scale mail. x5
You finish putting on your +0 scale mail.
You drop a +0 animal skin.
You now have 15 gold pieces.
b - a bubbling green potion
Found a stone staircase leading down.
No target in view!
Found a faded altar of an unknown god.
There is a stone staircase leading down here.
No target in view!
No target in view!
No target in view!
d - 3 inky potions (gained 2)
A bat comes into view.
You barely miss the bat. The bat hits you but does no damage.
A bat is nearby!
You miss the bat. The bat hits you but does no damage. x2
You barely miss the bat. The bat closely misses you. The bat barely misses you.
The bat hits you. The bat closely misses you.
You barely miss the bat. The bat barely misses you. The bat barely misses you.
You miss the bat. The bat closely misses you.
The bat hits you but does no damage. The bat closely misses you.
You hit the bat.
You kill the bat!
Trog accepts your kill.
You have reached level 2!
Your demonic ancestry asserts itself...
You feel the presence of a demonic guardian.
Are you sure you want to abandon this character and quit the game? (Confirm with "yes".)

#.#
####.###.#
#.# #.#
#....# #.####
#.# #.#
#.##.###.....
#.# #.#
#.##....†####
#.# #.#
#.#####.##
#.# #.# #.#
#.# #.# #.#
#.# #.#
#.###.###.#.
#.#
#....@...# #
..#
#####.###.#
### .#.# .#
#.. ## ...
###


There were no monsters in sight!

Vanquished Creatures
  A bat (D:1)
  2 goblins (D:1)
  2 hobgoblins (D:1)
  A quokka (D:1)
  A kobold (D:1)
7 creatures vanquished.

Notes
Turn   | Place    | Note
-------+----------+-------------------------------------------
     0 | D:1      | knot the Demonspawn Berserker began the quest for the Orb.
     0 | D:1      | Reached XP level 1. HP: 18/18 MP: 1/1
   546 | D:1      | Found a faded altar of an unknown god.
   595 | D:1      | Gained mutation: A weak demonic guardian rushes to your
                  | aid. [demonic ancestry]
   595 | D:1      | Reached XP level 2. HP: 23/24 MP: 2/2
   595 | D:1      | Quit the game

Illustrated notes

Levels and vault maps discovered:
D:1:      wander_arrival_chamber, layout_loops_ring,
          shapermc_ecumenical_altar_totnotflames

Skill      XL: |  1 |
---------------+----+-----
Axes           | 3 |  3.2
Fighting       | |  3.0
Armour         | |  1.7
Dodging        | |  1.7

Action                   || total
-------------------------++-------
Melee: Hand axe          ||    31
Armor: Animal skin       ||     6
       Scale mail        ||     4
Dodge: Dodged            ||    22

Table legend: (Time is in decaauts)
 A = Elapsed time spent in this place.
 B = Non-inter-level travel time spent in this place.
 C = Inter-level travel time spent in this place.
 D = Time resting spent in this place.
 E = Time spent auto-exploring this place.
 F = Levels seen in this place.
 G = Mean time per level.
                   A        B        C        D        E       F      G
               +--------+--------+--------+--------+--------+-----+--------+
         Total |    599 |    591 |      8 |    391 |    129 |   1 |  599.0 |
       Dungeon |    599 |    591 |      8 |    391 |    129 |   1 |  599.0 |
               +--------+--------+--------+--------+--------+-----+--------+

Top non-repeatable levels by time:
     D:1: 599 daAuts
